 Dungeon Crawl Stone Soup version 0.21.3-3-g218456f21e (webtiles) character file.

255 BrokenGlass the Sneak (level 6, -2/45 HPs)
             Began as an Octopode Wanderer on Apr 18, 2023.
             Slain by a gnoll (9 damage)
             ... on level 3 of the Dungeon on Apr 19, 2023.
             The game lasted 00:11:33 (5173 turns).

BrokenGlass the Sneak (Octopode Wanderer)           Turns: 5173, Time: 00:11:34

Health: -2/45      AC:  1    Str: 13    XL:     6   Next: 15%
Magic:  6/6        EV:  7    Int: 15    God:
Gold:   113        SH:  0    Dex: 11    Spells: 5/5 levels left

rFire    . . .     SeeInvis .     - Unarmed
rCold    . . .     Gourm    .   (no shield)
rNeg     . . .     Faith    .   (helmet restricted)
rPois    .         Spirit   .   (no amulet)
rElec    .         Reflect  .   (no ring)
rCorr    .         Harm     .   (no ring)
MR       .....                  (no ring)
Stlth    ++++......             (no ring)
HPRegen  0.15/turn              (no ring)
MPRegen  0.10/turn              (no ring)
                                (no ring)
                                (no ring)

@: about to teleport, held
A: almost no armour, stealthy swim, amphibious, 8 rings, constrict 8, camouflage
1, gelatinous body 1
a: no special abilities


You were on level 3 of the Dungeon.
You were hungry.

You visited 1 branch of the dungeon, and saw 3 of its levels.

You collected 113 gold pieces.

Inventory:

Hand Weapons
 b - a +2 blowgun
 r - a +0 blowgun
Missiles
 c - a curare-tipped needle
 e - 47 stones (quivered)
 o - a throwing net
 q - 3 poisoned tomahawks
 s - a poisoned needle
Scrolls
 a - 2 scrolls of magic mapping {unknown}
 d - a scroll of teleportation
 g - a scroll of remove curse {unknown}
 i - a scroll of enchant weapon
 p - 5 scrolls of identify
Potions
 h - a potion of haste
 j - a potion of brilliance {unknown}
 k - a potion of mutation {unknown}
 l - 3 potions of cancellation {unknown}
 m - 2 potions of heal wounds {unknown}
 n - a potion of ambrosia
Comestibles
 f - 3 rations


   Skills:
 - Level 5.0 Fighting
   Level 2.0 Maces & Flails
 - Level 1.0 Throwing
 + Level 2.6 Dodging
 * Level 5.9 Stealth
   Level 1.0 Shields
 - Level 2.0 Unarmed Combat


You had 5 spell levels left.
You didn't know any spells.

Dungeon Overview and Level Annotations

Branches:
Dungeon (3/15)

Altars:
Nemelex Xobeh


Innate Abilities, Weirdness & Mutations

You cannot wear most types of armour.
You are very stealthy in the water. (Stealth+)
You are amphibious.
You can wear up to eight rings at the same time.
You can use your tentacles to constrict eight enemies at once.
Your skin changes colour to match your surroundings (Stealth+).
Your rubbery body absorbs attacks. (AC +1, EV +1)


Message History

The gnoll closely misses you.
You release your grip on the gnoll.
You see here a spear.
Unknown command.
Unknown command.
The gnoll throws a throwing net.
The throwing net closely misses you.
You see here a throwing net.
Things that are here:
a hand axe; a ring mail; an orc corpse The gnoll throws a throwing net.
The throwing net hits you.
You become entangled in the net!
You see here a throwing net.
You struggle against the net.
The gnoll barely misses you.
You struggle against the net.
The gnoll hits you.
* * * LOW HITPOINT WARNING * * *
Unknown command.
Okay, then.
As you read the scroll of teleportation, it crumbles to dust.
You feel strangely unstable. The gnoll hits you!
You die...

#.# #.# ########.#### ##.#
#...........######..#
#.......<...)..##⌠.⌠##
#..#####.##.##.#.._..# #..#
#.##.##...⌠.⌠.# #..#
#.##.######...#
#†.#####.##.#### ##..#
#..........@gg.####..# #
#...####.......).(...# .#
#...#######.#######>.####..#
#........##.# #.#..))....
#...####.##.# ##..#######
#..#####.##.# #..[
#...........## #.>##
##.###.......# #.?# #.#
#.#.###.# ....#


You could see 2 gnolls.

Vanquished Creatures
  6 gnolls
  6 adders
  2 oozes (D:3)
  3 worms (D:2)
  5 leopard geckos
  12 orcs (D:3)
  A giant cockroach (D:2)
  11 goblins
  11 hobgoblins
  6 jackals
  16 kobolds
  2 quokkas (D:3)
  13 bats
  4 frilled lizards
  11 rats
109 creatures vanquished.

Vanquished Creatures (others)
  9 toadstools (D:3)
9 creatures vanquished.

Grand Total: 118 creatures vanquished

Notes
Turn   | Place    | Note
-------+----------+-------------------------------------------
     0 | D:1      | BrokenGlass the Octopode Wanderer began the quest for the Orb.
     0 | D:1      | BrokenGlass set off with: a curare-tipped needle, a +2 blowgun, a +0 hand axe, a potion of curing, a ration
     0 | D:1      | Reached XP level 1. HP: 17/17 MP: 1/1
  1115 | D:1      | Reached XP level 2. HP: 21/23 MP: 2/2
  1336 | D:1      | Reached XP level 3. HP: 5/28 MP: 3/3
  1897 | D:1      | Reached skill level 1 in Stealth
  2140 | D:2      | Reached skill level 5 in Fighting
  2187 | D:2      | Reached skill level 1 in Dodging
  2187 | D:2      | Reached XP level 4. HP: 26/35 MP: 4/4
  3028 | D:2      | Reached XP level 5. HP: 30/39 MP: 5/5
  3958 | D:3      | Reached skill level 5 in Stealth
  5053 | D:3      | Reached XP level 6. HP: 45/45 MP: 6/6
  5057 | D:3      | Found a sparkling altar of Nemelex Xobeh.
  5173 | D:3      | Slain by a gnoll

Skill      XL: |  1  2  3  4  5 |
---------------+----------------+-----
Stealth        | 2 4 5 |  5.9
Fighting       | 5 |  5.0
Dodging        | 1 2 |  2.6
Maces & Flails | |  2.0
Throwing       | |  1.0
Shields        | |  1.0
Unarmed Combat | |  2.0

Action                   |  1- 3 |  4- 6 || total
-------------------------+-------+-------++-------
Melee: Unarmed           |    92 |   213 ||   305
       Constrict         |    28 |    54 ||    82
       Tentacles         |    12 |    31 ||    43
       Punch             |     3 |     5 ||     8
  Use: Potion            |     1 |     3 ||     4
       Scroll            |     4 |     1 ||     5
 Stab: Sleeping          |     3 |    11 ||    14
       Distracted        |       |     1 ||     1
  Eat: Chunk             |     4 |     2 ||     6
       Ration            |       |     2 ||     2
Armor: Skin              |    11 |    22 ||    33
Dodge: Dodged            |    59 |   152 ||   211
